[Event "ICC tourney 2248 (120 10)"]
[Site "Internet Chess Club"]
[Date "2020.12.29"]
[Round "8"]
[White "uzkuzk"]
[Black "rachael1120"]
[Result "1-0"]
[ICCResult "Black resigns"]
[WhiteElo "1809"]
[BlackElo "1678"]
[Opening "Sicilian: accelerated fianchetto, modern variation with Bc4"]
[ECO "B35"]
[NIC "SI.33"]
[Time "17:29:54"]
[PlyCount "113"]
[TimeControl "7200+10"]

1. e4 c5 2. Nf3 Nc6 3. d4 cxd4 4. Nxd4 g6 5. Nc3 Bg7 6. Be3 Nf6 7. Bc4 O-O
8. Bb3 d6 9. f3 Bd7 10. Qd2 Rc8 11. O-O-O Ne5 12. Bh6 Nc4 13. Bxc4 Rxc4 14.
Bxg7 Kxg7 15. g4 Qa5 16. h4 h5 17. gxh5 Qxh5 18. Rdg1 Qh6 19. Rg5 Nh7 20.
Rh2 Rh8 21. Rd5 Qxd2+ 22. Kxd2 Nf6 23. b3 Nxd5 24. bxc4 Nb6 25. Kd3 Rc8 26.
Nd5 Nxd5 27. cxd5 Rc5 28. c4 b5 29. cxb5 Bxb5+ 30. Ke3 Rc3+ 31. Kf4 a6 32.
h5 Rd3 33. h6+ Kh7 34. Nxb5 axb5 35. Rb2 Kxh6 36. Rxb5 Kg7 37. Rb7 Kf6 38.
Ra7 Rc3 39. Ra8 Rd3 40. a4 Ra3 41. a5 Kg7 42. a6 f6 43. a7 Kf7 44. Kg3 Kg7
45. Kg4 Kf7 46. f4 Ra4 47. Kf3 Ra3+ 48. Ke2 g5 49. e5 gxf4 50. exd6 exd6
51. Rh8 Ra2+ 52. Kf3 Ra3+ 53. Kxf4 Ra4+ 54. Kg3 Ra3+ 55. Kh4 Ra4+ 56. Kh5
Rxa7 57. Rh7+ { Black resigns } 1-0

[Event "ICC tourney 2248 (120 10)"]
[Site "Internet Chess Club"]
[Date "2020.12.29"]
[Round "8"]
[White "haofangzhu"]
[Black "Vinny773175"]
[Result "1/2-1/2"]
[ICCResult "Game drawn by mutual agreement"]
[WhiteElo "1454"]
[BlackElo "1782"]
[Opening "Sicilian defense"]
[ECO "B33"]
[NIC "SI.34"]
[Time "17:29:33"]
[PlyCount "101"]
[TimeControl "7200+10"]

1. e4 c5 2. Nf3 Nc6 3. d4 cxd4 4. Nxd4 Nf6 5. Nc3 e6 6. Be3 Bb4 7. Bd3 d5
8. Nxc6 bxc6 9. Bd2 Bd6 10. O-O O-O 11. f4 dxe4 12. Nxe4 Nxe4 13. Bxe4 Qc7
14. Qf3 Ba6 15. Rfd1 Rac8 16. Kh1 Bc4 17. Bxh7+ Kxh7 18. Qe4+ Kg8 19. Qxc4
e5 20. Bc3 Rfe8 21. Qd3 Rcd8 22. fxe5 Bxe5 23. Bxe5 Qxe5 24. Qxd8 Rxd8 25.
Rxd8+ Kh7 26. c3 Qb5 27. b3 Qe5 28. Rd3 a5 29. h3 Qe2 30. Rdd1 f5 31. Rdc1
f4 32. Rf1 Qd2 33. c4 c5 34. Kg1 Qd4+ 35. Kh1 Qd2 36. Rfc1 f3 37. gxf3 Qf2
38. Rg1 Qxf3+ 39. Kh2 Qe2+ 40. Kh1 Qe4+ 41. Rg2 Qf3 42. Rg1 g5 43. Kh2 Qf4+
44. Rg3 Kg6 45. Kh1 Qe4+ 46. Kh2 Qf4 47. Kh1 Qe4+ 48. R1g2 Qe1+ 49. Kh2 Qe5
50. h4 g4 51. Kh1 { Game drawn by mutual agreement } 1/2-1/2

[Event "ICC tourney 2248 (120 10)"]
[Site "Internet Chess Club"]
[Date "2020.12.29"]
[Round "8"]
[White "Torsten936"]
[Black "peekaboopenguin"]
[Result "1-0"]
[ICCResult "Black checkmated"]
[WhiteElo "1704"]
[BlackElo "1636"]
[Opening "Sicilian defense"]
[ECO "B20"]
[NIC "SI.48"]
[Time "17:29:42"]
[PlyCount "65"]
[TimeControl "7200+10"]

1. e4 c5 2. Bd3 e6 3. c3 d5 4. Nf3 Nf6 5. e5 Nfd7 6. O-O Be7 7. Bc2 O-O 8.
d4 Re8 9. Bf4 Qb6 10. Nbd2 Qxb2 11. Rb1 Qxc3 12. Rb3 Qa5 13. Bxh7+ Kf8 14.
Ng5 Bxg5 15. Bxg5 f6 16. Bg6 Rd8 17. exf6 Nxf6 18. Bxf6 gxf6 19. Qh5 Qxd2
20. Qh7 Rd7 21. Qh8+ Ke7 22. Qe8+ Kd6 23. dxc5+ Kxc5 24. Qxc8+ Kd6 25. Be8
Rh7 26. Rxb7 Qh6 27. Qd8+ Kc5 28. Qa5+ Kd6 29. Qa3+ Ke5 30. Qg3+ Kd4 31.
Rd1+ Kc5 32. Rb5+ Kc4 33. Qb3# { Black checkmated } 1-0

[Event "ICC tourney 2248 (120 10)"]
[Site "Internet Chess Club"]
[Date "2020.12.29"]
[Round "8"]
[White "Priccchess"]
[Black "kdbel"]
[Result "1/2-1/2"]
[ICCResult "Game drawn by mutual agreement"]
[WhiteElo "1806"]
[BlackElo "1892"]
[Opening "French: exchange variation"]
[ECO "C01"]
[NIC "FR.01"]
[Time "17:29:13"]
[PlyCount "57"]
[TimeControl "7200+10"]

1. e4 e6 2. d4 d5 3. exd5 exd5 4. Nf3 Nf6 5. h3 Bd6 6. Bd3 c5 7. dxc5 Bxc5
8. O-O O-O 9. Bg5 Be6 10. Nc3 Nbd7 11. a3 a6 12. Ne2 h6 13. Bxf6 Qxf6 14.
Ned4 Ne5 15. c3 Nxf3+ 16. Nxf3 Rad8 17. Rc1 Rfe8 18. Bb1 d4 19. cxd4 Bxd4
20. Nxd4 Rxd4 21. Qc2 g6 22. Qc7 Rd7 23. Qb6 Qg5 24. Rc3 Kg7 25. Bc2 Red8
26. Rg3 Qf6 27. Re1 Bd5 28. Qxf6+ Kxf6 29. Bb3 { Game drawn by mutual
agreement } 1/2-1/2

[Event "ICC tourney 2248 (120 10)"]
[Site "Internet Chess Club"]
[Date "2020.12.29"]
[Round "8"]
[White "charles102"]
[Black "garynanoman"]
[Result "1/2-1/2"]
[ICCResult "Game drawn by mutual agreement"]
[WhiteElo "1800"]
[BlackElo "1850"]
[Opening "QGD semi-Slav"]
[ECO "D43"]
[NIC "QO.16"]
[Time "17:29:28"]
[PlyCount "74"]
[TimeControl "7200+10"]

1. d4 Nf6 2. c4 e6 3. Nc3 d5 4. Nf3 c6 5. Bg5 Be7 6. e3 Nbd7 7. Bd3 dxc4 8.
Bxc4 b5 9. Bd3 a6 10. O-O c5 11. a3 Bb7 12. Re1 Rc8 13. Rc1 O-O 14. Nd2
cxd4 15. exd4 Nc5 16. dxc5 Qxd3 17. Nde4 Qxd1 18. Rexd1 Nxe4 19. Nxe4 Bxe4
20. Bxe7 Rfe8 21. Bh4 Bd5 22. f3 Rc6 23. b4 f6 24. Bf2 Ra8 25. Rd4 a5 26.
Be1 a4 27. Rcd1 Rd8 28. Bg3 Kf7 29. Kf2 Rd7 30. h3 Re7 31. Bd6 Rd7 32. g4
Bb3 33. R1d2 Bc4 34. Bg3 Rxd4 35. Rxd4 Bd5 36. f4 Ke7 37. f5 Rc8 { Game
drawn by mutual agreement } 1/2-1/2

[Event "ICC tourney 2248 (120 10)"]
[Site "Internet Chess Club"]
[Date "2020.12.29"]
[Round "8"]
[White "doudou2011"]
[Black "steinutz"]
[Result "0-1"]
[ICCResult "White resigns"]
[WhiteElo "1412"]
[BlackElo "1756"]
[Opening "King's Indian: fianchetto, Uhlmann (Szabo) variation"]
[ECO "E62"]
[NIC "KI.72"]
[Time "17:29:39"]
[PlyCount "84"]
[TimeControl "7200+10"]

1. d4 Nf6 2. Nf3 g6 3. g3 Bg7 4. Bg2 d6 5. O-O O-O 6. c4 Nc6 7. Nc3 e5 8.
dxe5 Nxe5 9. Nxe5 dxe5 10. e4 c6 11. h3 Qc7 12. Be3 Be6 13. b3 Rfd8 14. Qc2
Nh5 15. Rfd1 h6 16. Rac1 b6 17. Na4 Kh7 18. Rxd8 Rxd8 19. Rd1 Rd7 20. Kh2
Nf4 21. Rxd7 Bxd7 22. gxf4 exf4 23. Bxb6 axb6 24. Kg1 Bd4 25. Qd3 Qd6 26.
Kf1 Qe5 27. Nc3 Be6 28. Ne2 Bc5 29. Qc3 Qd6 30. Qc2 f3 31. Bxf3 Bxh3+ 32.
Bg2 Qh2 33. Nf4 Bxg2+ 34. Nxg2 Qh1+ 35. Ke2 Qxg2 36. Ke1 Qg1+ 37. Ke2 Qxf2+
38. Kd1 Qxc2+ 39. Kxc2 h5 40. Kd3 Kg7 41. Ke2 Kf6 42. Kf3 Ke5 { White
resigns } 0-1

[Event "ICC tourney 2248 (120 10)"]
[Site "Internet Chess Club"]
[Date "2020.12.29"]
[Round "8"]
[White "Kugelblitzer"]
[Black "Han366"]
[Result "0-1"]
[ICCResult "White checkmated"]
[WhiteElo "1535"]
[BlackElo "1700"]
[Opening "King's Indian: orthodox, 7...Nbd7"]
[ECO "E94"]
[NIC "KI.13"]
[Time "17:29:44"]
[PlyCount "154"]
[TimeControl "7200+10"]

1. d4 Nf6 2. c4 g6 3. Nc3 Bg7 4. e4 d6 5. Nf3 O-O 6. Be2 Nbd7 7. O-O e5 8.
Be3 Ng4 9. Bg5 f6 10. Bd2 Nh6 11. Qc1 Nf7 12. g3 Re8 13. b4 exd4 14. Nxd4
Nde5 15. Re1 Bh3 16. f4 Nc6 17. Nxc6 bxc6 18. Bf1 Qd7 19. Bg2 Bxg2 20. Kxg2
f5 21. Qc2 fxe4 22. Rxe4 Rxe4 23. Qxe4 Re8 24. Qf3 d5 25. c5 Nh6 26. Re1
Nf5 27. Rxe8+ Qxe8 28. Ne2 Kf7 29. b5 Qe6 30. a4 Nd4 31. Nxd4 Bxd4 32. Bb4
cxb5 33. axb5 c6 34. bxc6 Qxc6 35. Qa3 a6 36. Kf3 Bg1 37. Kg2 Bd4 38. Kf3
Bf6 39. Kf2 Ke6 40. Qe3+ Kd7 41. Ba5 d4 42. Qf3 Qxf3+ 43. Kxf3 Kc6 44. Bb4
Be7 45. g4 Bxc5 46. Bxc5 Kxc5 47. Ke4 d3 48. Kxd3 Kd5 49. h4 a5 50. h5 gxh5
51. gxh5 a4 52. Kc3 Ke4 53. Kb4 Kxf4 54. Kxa4 Kg5 55. h6 Kxh6 56. Kb3 Kg5
57. Kc2 Kg4 58. Kd2 Kg3 59. Ke2 Kg2 60. Ke3 h5 61. Kf4 h4 62. Kg4 h3 63.
Kf4 h2 64. Ke4 h1=Q 65. Ke5 Qd1 66. Ke4 Kg3 67. Ke5 Qd3 68. Ke6 Qb5 69. Kd6
Kf4 70. Ke6 Qf5+ 71. Kd6 Ke4 72. Kc6 Qd5+ 73. Kb6 Qc4 74. Ka5 Qb3 75. Ka6
Kd5 76. Ka7 Kc6 77. Ka8 Qb7# { White checkmated } 0-1

[Event "ICC tourney 2248 (120 10)"]
[Site "Internet Chess Club"]
[Date "2020.12.29"]
[Round "8"]
[White "sbendre"]
[Black "jHanna"]
[Result "0-1"]
[ICCResult "White resigns"]
[WhiteElo "1525"]
[BlackElo "1787"]
[Opening "French: classical, Steinitz variation"]
[ECO "C14"]
[NIC "FR.06"]
[Time "17:29:15"]
[PlyCount "136"]
[TimeControl "7200+10"]

1. e4 e6 2. d4 d5 3. Nc3 Nf6 4. Bg5 Be7 5. e5 Nfd7 6. Bxe7 Qxe7 7. f4 a6 8.
Nf3 c5 9. a3 Nc6 10. Be2 O-O 11. Qd3 f6 12. exf6 Nxf6 13. dxc5 Qxc5 14.
O-O-O Ng4 15. Ng5 Qe3+ 16. Rd2 Qxd3 17. Bxd3 h6 18. Nh3 Bd7 19. Re1 Rac8
20. Be2 Nf6 21. Bd3 b5 22. Ng1 b4 23. axb4 Nxb4 24. Nf3 Nxd3+ 25. Rxd3 Rc6
26. Ne5 Rb6 27. Nxd7 Nxd7 28. g3 Nc5 29. Rd4 Rfb8 30. Na4 Nxa4 31. Rxa4 Kf7
32. b3 Rc8 33. Kd2 Rbc6 34. Rc1 Kf6 35. c4 Kf5 36. Ke3 Rb6 37. Rc3 dxc4 38.
Raxc4 Rcb8 39. h3 Rxb3 40. Rc5+ Kf6 41. Kd4 R8b4+ 42. Ke3 a5 43. Kf3 a4 44.
Kg4 Rxc3 45. Rxc3 Rb5 46. Ra3 Ra5 47. Kf3 Ke7 48. Ke4 Kd6 49. Kd4 Ke7 50.
Ke4 Kf7 51. Ke3 Kf6 52. Ke4 g6 53. g4 e5 54. fxe5+ Rxe5+ 55. Kf3 Ra5 56.
Kf4 Ra6 57. h4 Ra5 58. Ke4 Ke6 59. Kd4 g5 60. hxg5 Rxg5 61. Rg3 Ra5 62. Ra3
Kf6 63. Ke4 Kg5 64. Kf3 Kh4 65. Kf4 Rg5 66. Rg3 h5 67. Rg1 Rxg4+ 68. Rxg4+
hxg4 { White resigns } 0-1

[Event "ICC tourney 2248 (120 10)"]
[Site "Internet Chess Club"]
[Date "2020.12.29"]
[Round "8"]
[White "Cambod1"]
[Black "hi987"]
[Result "1-0"]
[ICCResult "Black checkmated"]
[WhiteElo "1739"]
[BlackElo "1612"]
[Opening "Grünfeld: exchange, Seville variation"]
[ECO "D87"]
[NIC "GI.05"]
[Time "17:29:26"]
[PlyCount "141"]
[TimeControl "7200+10"]

1. d4 Nf6 2. c4 g6 3. Nc3 d5 4. cxd5 Nxd5 5. e4 Nxc3 6. bxc3 Bg7 7. Bc4 c5
8. Ne2 O-O 9. Be3 Nc6 10. O-O Bg4 11. f3 Na5 12. Bxf7+ Rxf7 13. fxg4 Rxf1+
14. Kxf1 cxd4 15. cxd4 e5 16. d5 Nc4 17. Bf2 Qf6 18. Kg1 Rf8 19. Bc5 Rf7
20. Qd3 b5 21. a4 Bf8 22. Be3 Nxe3 23. Qxe3 Bh6 24. Qd3 b4 25. d6 Rd7 26.
Rd1 Bf8 27. Qc4+ Qf7 28. Qxf7+ Kxf7 29. Nc1 Bxd6 30. Kf1 Ke7 31. Nb3 Rc7
32. Rc1 Rxc1+ 33. Nxc1 Kf6 34. h4 Bc5 35. Ke2 Ke6 36. Nb3 Kd6 37. Kf3 Bd4
38. Ke2 Kc6 39. Kd3 Bf2 40. h5 g5 41. Kc4 Be1 42. Nc5 Bd2 43. Nd3 Kd6 44.
Nxb4 Bxb4 45. Kxb4 Kc6 46. Kc4 h6 47. Kb4 Kb6 48. a5+ Kc6 49. a6 Kb6 50.
Kc4 Kxa6 51. Kd5 Kb5 52. Kxe5 Kc5 53. Kf6 a5 54. e5 a4 55. e6 a3 56. e7 a2
57. e8=Q a1=Q+ 58. Qe5+ Qxe5+ 59. Kxe5 Kc4 60. Kf5 Kd4 61. Kg6 Ke4 62. Kxh6
Kf4 63. Kg6 Kxg4 64. h6 Kf4 65. h7 g4 66. h8=Q Kg3 67. Kg5 Kxg2 68. Kxg4
Kg1 69. Qb2 Kh1 70. Kg3 Kg1 71. Qg2# { Black checkmated } 1-0

[Event "ICC tourney 2248 (120 10)"]
[Site "Internet Chess Club"]
[Date "2020.12.29"]
[Round "8"]
[White "sunnyjingxu"]
[Black "jackl514"]
[Result "1-0"]
[ICCResult "Black resigns"]
[WhiteElo "1711"]
[BlackElo "1580"]
[Opening "Sicilian: closed, 6.Be3"]
[ECO "B26"]
[NIC "SI.45"]
[Time "17:29:24"]
[PlyCount "93"]
[TimeControl "7200+10"]

1. e4 c5 2. Nc3 Nc6 3. g3 g6 4. Bg2 Bg7 5. d3 d6 6. Be3 Rb8 7. Qd2 b5 8. a3
Bd7 9. f4 e6 10. Nf3 Nge7 11. O-O O-O 12. Rf2 Qc7 13. Raf1 a5 14. Nh4 f5
15. Nf3 b4 16. axb4 axb4 17. Nd1 Nd4 18. Bxd4 cxd4 19. b3 Bc6 20. Re2 e5
21. Ng5 Qd7 22. Nb2 h6 23. Nh3 fxe4 24. dxe4 Bb5 25. Nd3 Rfc8 26. Rf3 Rc3
27. Re1 Bxd3 28. Rxd3 Rbc8 29. Rxc3 Rxc3 30. Nf2 Qc7 31. Re2 Qb6 32. Nd3
Kf7 33. Rf2 Kg8 34. Qd1 Bf6 35. f5 Bg5 36. f6 Nc6 37. f7+ Kf8 38. Kh1 Nd8
39. Qg4 Nxf7 40. Qe6 Rc7 41. Qxg6 Rb7 42. Bh3 Be3 43. Rf1 Qc7 44. Be6 Bd2
45. Bc4 Qe7 46. Rxf7+ Qxf7 47. Bxf7 { Black resigns } 1-0

[Event "ICC tourney 2248 (120 10)"]
[Site "Internet Chess Club"]
[Date "2020.12.29"]
[Round "8"]
[White "castle2king"]
[Black "sanjeevraman"]
[Result "0-1"]
[ICCResult "White resigns"]
[WhiteElo "1562"]
[BlackElo "1651"]
[Opening "Ruy Lopez: Classical defense deferred"]
[ECO "C70"]
[NIC "RL.09"]
[Time "17:29:09"]
[PlyCount "116"]
[TimeControl "7200+10"]

1. e4 e5 2. Nf3 Nc6 3. Bb5 a6 4. Ba4 Bc5 5. O-O b5 6. Bb3 d6 7. c3 Nf6 8.
d3 O-O 9. h3 Bb6 10. Re1 Na5 11. Bc2 c5 12. Nbd2 Nc6 13. Nf1 Ne7 14. a4 Rb8
15. Ng3 Ng6 16. d4 Qc7 17. Bg5 cxd4 18. Bxf6 gxf6 19. Nh5 dxc3 20. Nxf6+
Kg7 21. Nh5+ Kh8 22. bxc3 Be6 23. Qd2 Ba5 24. Qh6 f6 25. Rac1 Rf7 26. Re3
Bb6 27. Re2 Qxc3 28. Bb1 Qa5 29. axb5 Qxb5 30. Rec2 Bc5 31. Ne1 Bb3 32. Rc3
Be6 33. Bd3 Qb6 34. Rb1 Qa7 35. Rxb8+ Qxb8 36. Rc2 a5 37. Rc1 a4 38. Rb1
Qa8 39. Qd2 a3 40. Nc2 a2 41. Ra1 Rb7 42. Qc1 Qb8 43. Kh2 Rb1 44. Qh6 Qc7
45. g3 Bxf2 46. Kg2 Rxa1 47. Nxa1 Bd4 48. Nc2 a1=Q 49. Nxa1 Bxa1 50. Kf3
Bb2 51. Qe3 Qf7 52. g4 d5 53. exd5 Bxd5+ 54. Be4 Bxe4+ 55. Kxe4 Qc4+ 56.
Kf5 Qc8+ 57. Kxf6 e4+ 58. Kg5 Bc1 { White resigns } 0-1

[Event "ICC tourney 2248 (120 10)"]
[Site "Internet Chess Club"]
[Date "2020.12.29"]
[Round "8"]
[White "tricksterssbu"]
[Black "saisneha"]
[Result "1/2-1/2"]
[ICCResult "Game drawn by mutual agreement"]
[WhiteElo "1692"]
[BlackElo "1883"]
[Opening "Giuoco Pianissimo: Italian four knights variation"]
[ECO "C50"]
[NIC "IG.02"]
[Time "17:29:11"]
[PlyCount "56"]
[TimeControl "7200+10"]

1. e4 e5 2. Nf3 Nc6 3. Bc4 Bc5 4. d3 Nf6 5. Nc3 d6 6. Na4 Bb6 7. c3 O-O 8.
Nxb6 axb6 9. O-O h6 10. b4 Re8 11. Re1 Be6 12. Bxe6 fxe6 13. Bb2 Ne7 14. a3
Ng6 15. d4 exd4 16. cxd4 d5 17. exd5 exd5 18. Ne5 Nh4 19. Rc1 Qc8 20. Qd3
c6 21. Re3 Ne4 22. f3 Nf6 23. Rce1 Nf5 24. R3e2 Nh5 25. Bc1 Nf6 26. Ng6
Rxe2 27. Rxe2 Kf7 28. Ne5+ Kg8 { Game drawn by mutual agreement } 1/2-1/2

[Event "ICC tourney 2248 (120 10)"]
[Site "Internet Chess Club"]
[Date "2020.12.29"]
[Round "8"]
[White "Mapking1"]
[Black "kittycat35"]
[Result "1/2-1/2"]
[ICCResult "Game drawn by mutual agreement"]
[WhiteElo "1874"]
[BlackElo "1724"]
[Opening "Ruy Lopez: closed, Pilnik variation"]
[ECO "C90"]
[NIC "RL.19"]
[Time "17:40:15"]
[PlyCount "80"]
[TimeControl "7200+10"]

1. e4 e5 2. Nf3 Nc6 3. Bb5 a6 4. Ba4 Nf6 5. O-O Be7 6. Re1 b5 7. Bb3 d6 8.
c3 O-O 9. d3 Na5 10. Bc2 c5 11. Nbd2 Qc7 12. Nf1 h6 13. Ng3 Nh7 14. a4 Be6
15. d4 b4 16. Nf5 Bf6 17. d5 Bd7 18. h4 Rab8 19. g4 b3 20. Bb1 Bxf5 21.
exf5 Qe7 22. Kg2 Bxh4 23. Rh1 Bf6 24. Be4 Ng5 25. Qe2 Nxf3 26. Bxf3 c4 27.
Rh5 Rbc8 28. Bd2 Bg5 29. Bxg5 hxg5 30. f6 Qxf6 31. Rah1 g6 32. Rh8+ Qxh8
33. Rxh8+ Kxh8 34. Qe3 Rb8 35. Qxg5 Kg7 36. Qe7 Nb7 37. Qd7 Rfd8 38. Qe7
Nc5 39. g5 Rd7 40. Qf6+ Kg8 { Game drawn by mutual agreement } 1/2-1/2

[Event "ICC tourney 2248 (120 10)"]
[Site "Internet Chess Club"]
[Date "2020.12.29"]
[Round "8"]
[White "JensenUVA"]
[Black "Mozart1"]
[Result "0-1"]
[ICCResult "White resigns"]
[WhiteElo "1516"]
[BlackElo "1836"]
[Opening "QGD: Tarrasch, Prague variation, Normal position"]
[ECO "D02"]
[NIC "TD.04"]
[Time "17:29:09"]
[PlyCount "92"]
[TimeControl "7200+10"]

1. d4 d5 2. Nf3 Nf6 3. c4 e6 4. g3 c5 5. cxd5 exd5 6. Bg2 Be7 7. O-O O-O 8.
Nc3 Nc6 9. b3 Bg4 10. Bb2 cxd4 11. Nxd4 Qb6 12. Nxc6 bxc6 13. Qc2 Rfd8 14.
Rac1 Rac8 15. Rfd1 Qa6 16. Rd4 Be6 17. e4 Qb7 18. exd5 cxd5 19. Qd3 Bc5 20.
Rh4 h6 21. Na4 Be7 22. Rd4 Qd7 23. Rxc8 Rxc8 24. Nc3 Bc5 25. Ra4 Bf5 26.
Qb5 Bxf2+ 27. Kxf2 Rxc3 28. Qxd7 Rc2+ 29. Kg1 Bxd7 30. Bxf6 Bxa4 31. bxa4
gxf6 32. Bxd5 a5 33. h4 Kg7 34. Kf1 f5 35. Kg1 Rd2 36. Bb3 Kg6 37. Bc4 f6
38. Be6 f4 39. g4 h5 40. Bf5+ Kh6 41. Be6 hxg4 42. Bxg4 Rxa2 43. Bd7 Kh5
44. Bb5 Kxh4 45. Kf1 Kg3 46. Bc6 f3 { White resigns } 0-1

[Event "ICC tourney 2248 (120 10)"]
[Site "Internet Chess Club"]
[Date "2020.12.29"]
[Round "8"]
[White "mrerikchin"]
[Black "FlowingMelody"]
[Result "1-0"]
[ICCResult "Black resigns"]
[WhiteElo "1636"]
[BlackElo "1307"]
[Opening "English: symmetrical variation"]
[ECO "A34"]
[NIC "EO.64"]
[Time "17:29:18"]
[PlyCount "83"]
[TimeControl "7200+10"]

1. c4 c5 2. Nc3 g6 3. g3 Bg7 4. Bg2 e6 5. e4 Nc6 6. Nge2 Nge7 7. O-O O-O 8.
d3 b6 9. Be3 Bb7 10. d4 cxd4 11. Nxd4 Ne5 12. b3 N5c6 13. Rc1 d6 14. Ndb5
Nc8 15. Qd2 a6 16. Nd4 N8e7 17. Rfd1 Nc8 18. f4 Qd7 19. Nxc6 Bxc6 20. e5
Bxg2 21. Qxg2 Rb8 22. Ne4 d5 23. Nf6+ Bxf6 24. exf6 Qd8 25. Bd4 Rb7 26. Be5
Rd7 27. Qd2 Na7 28. f5 Kh8 29. Qh6 Rg8 30. fxe6 Rb7 31. e7 Qc8 32. Rd4 g5
33. Rxd5 Nc6 34. Bb2 Qe6 35. Kf1 Qe4 36. Re1 Qf3+ 37. Kg1 Rbb8 38. e8=Q
Rbxe8 39. Rxe8 Qe3+ 40. Rxe3 Nb4 41. Rxg5 Rxg5 42. Qxg5 { Black resigns }
1-0

[Event "ICC tourney 2248 (120 10)"]
[Site "Internet Chess Club"]
[Date "2020.12.29"]
[Round "8"]
[White "atevifred"]
[Black "coolhappyfish"]
[Result "1/2-1/2"]
[ICCResult "Game drawn by repetition"]
[WhiteElo "1846"]
[BlackElo "1680"]
[Opening "English: Neo-Catalan declined"]
[ECO "A14"]
[NIC "RE.11"]
[Time "17:30:02"]
[PlyCount "117"]
[TimeControl "7200+10"]

1. Nf3 d5 2. c4 e6 3. g3 Nf6 4. Bg2 Be7 5. O-O O-O 6. e3 c6 7. Nc3 Nbd7 8.
b3 b6 9. d4 Ba6 10. Nd2 Rc8 11. Bb2 c5 12. Nb5 Bxb5 13. cxb5 cxd4 14. exd4
Qc7 15. Rc1 Qb8 16. Qe2 Rxc1 17. Rxc1 Rc8 18. Qd1 Rc7 19. Rc6 Qc8 20. Qc2
Bd8 21. b4 Nb8 22. Rxc7 Qxc7 23. Qxc7 Bxc7 24. Bf1 Bd6 25. Bc3 Nbd7 26. f4
Ne4 27. Nxe4 dxe4 28. Kf2 Nf6 29. a3 Nd5 30. Bd2 f5 31. Bc4 Kf7 32. Bxd5
exd5 33. h3 h6 34. Kg2 Kg6 35. Be3 Kh5 36. Kh2 g5 37. Kg2 Be7 38. Kf2 Bd6
39. Kg2 gxf4 40. gxf4 Be7 41. Bd2 Bh4 42. a4 Bf6 43. Be3 Be7 44. Bd2 Bh4
45. Kf1 Bg3 46. Kg2 Kh4 47. a5 e3 48. Bxe3 Be1 49. axb6 axb6 50. Bg1 Bxb4
51. Bf2+ Kh5 52. Kf3 Be7 53. Be1 Bd6 54. Bf2 Be7 55. Be1 Bd6 56. Bf2 Be7
57. Be1 Bd6 58. Bf2 Be7 59. Be1 { Game drawn by repetition } 1/2-1/2

[Event "ICC tourney 2248 (120 10)"]
[Site "Internet Chess Club"]
[Date "2020.12.29"]
[Round "8"]
[White "HPenguin"]
[Black "gullom89"]
[Result "0-1"]
[ICCResult "White checkmated"]
[WhiteElo "1819"]
[BlackElo "1707"]
[Opening "Sicilian: Prins (Moscow) variation"]
[ECO "B55"]
[NIC "SI.01"]
[Time "17:29:29"]
[PlyCount "88"]
[TimeControl "7200+10"]

1. e4 c5 2. Nf3 d6 3. d4 cxd4 4. Nxd4 Nf6 5. f3 Nc6 6. c4 g6 7. Be3 Bg7 8.
Nc3 O-O 9. Be2 Bd7 10. O-O Qa5 11. a3 Rac8 12. b4 Qc7 13. Rc1 Qb8 14. Qd2
a6 15. Nxc6 Bxc6 16. Bh6 b5 17. Bxg7 Kxg7 18. cxb5 Bxb5 19. Nxb5 axb5 20.
Qd3 Qb6+ 21. Kh1 Rb8 22. g4 e5 23. Rc3 Rfd8 24. f4 d5 25. exd5 Nxd5 26. Rc5
Nxf4 27. Qe4 Nxe2 28. Qxe5+ Kg8 29. Qxe2 Rd7 30. Rfc1 Rbd8 31. Qxb5 Qe6 32.
Qc4 Rd1+ 33. Rxd1 Rxd1+ 34. Kg2 Rd2+ 35. Kf3 Qf6+ 36. Ke4 h5 37. g5 Qf2 38.
Rc8+ Kh7 39. Qc5 Qe1+ 40. Kf3 Qe2+ 41. Kf4 Qxh2+ 42. Ke3 Qe2+ 43. Kf4 Qg4+
44. Ke5 Qf5# { White checkmated } 0-1

[Event "ICC tourney 2248 (120 10)"]
[Site "Internet Chess Club"]
[Date "2020.12.29"]
[Round "8"]
[White "Averyyu321"]
[Black "CharlesDQuigley"]
[Result "1/2-1/2"]
[ICCResult "Game drawn by mutual agreement"]
[WhiteElo "1739"]
[BlackElo "1815"]
[Opening "Sicilian defense"]
[ECO "B40"]
[NIC "SI.43"]
[Time "17:29:12"]
[PlyCount "90"]
[TimeControl "7200+10"]

1. e4 c5 2. Nf3 e6 3. d3 Nc6 4. g3 d6 5. Bg2 Nf6 6. O-O Be7 7. Nbd2 O-O 8.
Re1 e5 9. h4 Bg4 10. Nf1 h6 11. Ne3 Be6 12. Nf5 Bxf5 13. exf5 Re8 14. c3
Qd7 15. Bh3 Bf8 16. Nd2 d5 17. Qf3 Rad8 18. g4 e4 19. dxe4 Ne5 20. Qg3 dxe4
21. Nxe4 Nxe4 22. Rxe4 Qd1+ 23. Kg2 Nd3 24. Qe3 Rxe4 25. Qxe4 Nxc1 26. g5
hxg5 27. hxg5 Qd2 28. g6 Qg5+ 29. Bg4 fxg6 30. Qe6+ Kh8 31. Qxg6 Be7 32.
Qh5+ Kg8 33. f6 Bxf6 34. Rxc1 g6 35. Qxg5 Bxg5 36. Re1 Bf6 37. Re3 Kf8 38.
Kg3 Rd2 39. Re2 Rxe2 40. Bxe2 Ke7 41. Kf4 Ke6 42. Bc4+ Kd6 43. Bf7 Bh4 44.
Bxg6 Bxf2 45. c4 b6 { Game drawn by mutual agreement } 1/2-1/2

[Event "ICC tourney 2248 (120 10)"]
[Site "Internet Chess Club"]
[Date "2020.12.29"]
[Round "8"]
[White "dswang"]
[Black "asergeev"]
[Result "1-0"]
[ICCResult "Black checkmated"]
[WhiteElo "1828"]
[BlackElo "1898"]
[Opening "Grünfeld: 5.e3"]
[ECO "D94"]
[NIC "GI.09"]
[Time "17:29:33"]
[PlyCount "121"]
[TimeControl "7200+10"]

1. d4 Nf6 2. c4 g6 3. Nc3 d5 4. e3 Bg7 5. Nf3 O-O 6. Be2 c5 7. dxc5 Qa5 8.
O-O dxc4 9. Bxc4 Qxc5 10. Bb3 Nc6 11. e4 Bg4 12. Be3 Qh5 13. h3 Bxf3 14.
Qxf3 Qxf3 15. gxf3 Rfd8 16. Rad1 e6 17. Rxd8+ Rxd8 18. Rd1 Rxd1+ 19. Bxd1
Nd7 20. Nb5 a6 21. Nd6 b5 22. b3 Bd4 23. a4 b4 24. Nc4 Bxe3 25. fxe3 Nde5
26. Nxe5 Nxe5 27. Kf2 Nd3+ 28. Ke2 Nc5 29. Kd2 Kg7 30. e5 f6 31. f4 fxe5
32. fxe5 Ne4+ 33. Kc2 g5 34. Be2 Nc5 35. Bh5 Kf8 36. Be2 Ke7 37. Bc4 a5 38.
Be2 Nd7 39. Kd3 Nxe5+ 40. Kd4 Kd6 41. Bd1 Nd7 42. Kc4 Kc6 43. Bf3+ Kb6 44.
Kd4 h5 45. Bxh5 e5+ 46. Kc4 Nc5 47. Bf7 Kc6 48. Be8+ Kd6 49. Bf7 Kc6 50. e4
Nxe4 51. Bd5+ Kd6 52. Bxe4 g4 53. hxg4 Kc7 54. Kd5 Kb6 55. Kxe5 Ka7 56. g5
Kb6 57. g6 Ka6 58. g7 Ka7 59. g8=Q Kb6 60. Qb8+ Kc5 61. Qb5# { Black
checkmated } 1-0